 Dungeon Crawl Stone Soup version 0.31.0-11-ge490571c62 (webtiles) character file.

Game seed: 12944039506356713239

1183 ces the Skirmisher (level 8, -1/55 HPs)
             Began as a Spriggan Hunter on Jan 30, 2024.
             Was an Initiate of Gozag.
             Incinerated by a bombardier beetle (5 damage)
             ... with a burning spray
             ... on level 5 of the Dungeon.
             The game lasted 00:06:28 (4259 turns).

ces the Skirmisher (Spriggan Hunter)                Turns: 4259, Time: 00:06:29

Health: -1/55      AC: 24    Str:  7    XL:     8   Next: 19%
Magic:  9/9        EV:  4    Int: 11    God:    Gozag
Gold:   418        SH:  0    Dex: 20    Spells: 5/7 levels left

rFire   . . .        a - +0 shortbow
rCold   . . .        (shield currently unavailable)
rNeg    . . .        h - melded +2 robe {Will+}
rPois   +            (helmet currently unavailable)
rElec   .            (cloak currently unavailable)
rCorr   .            (gloves unavailable)
SInv    +            (boots unavailable)
Will    +....        (no amulet)
Stlth   +            (no ring)
HPRegen 0.29/turn    (no ring)
MPRegen 0.11/turn

%: no passive effects
@: on fire, tree-form, gold aura, glowing
A: stationary, stasis, torment immunity, boosted hp, very small, no large
weapons, unfitting armour, see invisible, (speed 3)
a: Renounce Religion, Potion Petition, Call Merchant, Bribe Branch


You were on level 5 of the Dungeon.
You worshipped Gozag.
Gozag was aware of your devotion.
You were a tree.
You visited 1 branch of the dungeon, and saw 5 of its levels.

You collected 442 gold pieces.
You paid 24 gold pieces to Gozag.

Inventory:

Hand Weapons
 a - a +0 shortbow (weapon)
Armour
 h - a +2 robe of willpower (melded)
Jewellery
 e - an amulet of magic regeneration
Wands
 j - a wand of flame (8)
Scrolls
 b - a scroll of butterflies
 f - a scroll of immolation {unknown}
 i - a scroll of vulnerability
 l - a scroll of enchant weapon {unknown}
 m - a scroll of fog {unknown}
 o - a scroll of blinking
 p - a scroll of identify {unknown}
Potions
 d - a potion of mutation {unknown}
 g - a potion of lignification
 k - a potion of heal wounds {unknown}
 n - 2 potions of haste {unknown}


   Skills:
 - Level 1.5 Fighting
 * Level 10.2 Ranged Weapons
 - Level 2.6 Dodging
 + Level 3.2 Stealth
 + Level 1.3 Hexes
 + Level 0.9 Ice Magic


You had 5 spell levels left.
You knew the following spells:

 Your Spells              Type           Power      Damage    Failure   Level
a - Ensorcelled Hibernat  Hex/Ice        4%         N/A       34%         2

Your spell library contained the following spells:

 Spells                   Type           Power      Damage    Failure   Level
 Jinxbite                 Hex            6%         N/A       30%         2
 Apportation              Tloc           0%         N/A       34%         1
 Necrotise                Necr           0%         1d4       34%         1
 Sandblast                Erth           0%         2d4       34%         1
 Sting                    Conj/Alch      0%         1d3       34%         1
 Summon Small Mammal      Summ           0%         N/A       34%         1
 Mercury Vapours          Alch/Air       0%         N/A       47%         2
 Tukima's Dance           Hex            3%         N/A       52%         3
 Fugue of the Fallen      Necr           0%         N/A       71%         3
 Mephitic Cloud           Conj/Alch/Air  0%         N/A       71%         3
 Passwall                 Erth           0%         N/A       71%         3
 Stone Arrow              Conj/Erth      0%         3d7       71%         3
 Swiftness                Air            0%         N/A       71%         3
 Anguish                  Hex/Necr       0%         N/A       95%         4
 Dimensional Bullseye     Hex/Tloc       0%         N/A       95%         4
 Brom's Barrelling Bould  Conj/Erth      0%         2d3       98%         4
 Iskenderun's Mystic Bla  Conj/Tloc      0%         2d3       98%         4
 Alistair's Intoxication  Alch           0%         N/A       100%        5
 Freezing Cloud           Conj/Ice/Air   0%         6-21      100%        5


Dungeon Overview and Level Annotations

Branches:
Dungeon (5/15)
 Temple: D:4-7

Altars:
Gozag
Okawaru
Qazlal
Ru
Xom
The Shining One

Shops:
D:1 :

Annotations:
D:4 Dowan, Duvessa


Innate Abilities, Weirdness & Mutations

You are a tree.
Your roots penetrate the ground, keeping you stationary.
You cannot be teleported.
You are immune to unholy pain and torment.
Your maximum health is greatly increased.
Your equipment is partially melded.
You are very small and have problems with some larger weapons.
You are too small for most types of armour.
You have supernaturally acute eyesight. (SInv)
((You cover ground extremely quickly. (Speed+++)))


Message History

A bombardier beetle is nearby!
A bombardier beetle is nearby!
A bombardier beetle is nearby!
You shoot an arrow.
The arrow hits the bombardier beetle but does no damage.
You shoot an arrow. The arrow hits the bombardier beetle.
The bombardier beetle is lightly wounded.
You shoot an arrow. The arrow hits the bombardier beetle!
The bombardier beetle is heavily wounded.
No target in view!
No target in view!
Found a robe.
You shoot an arrow. The arrow hits the bombardier beetle.
The bombardier beetle is almost dead.
The bombardier beetle sprays incendiary fluid at you.
The burning spray hits you.
You are covered in liquid fire!
You shoot an arrow. The arrow hits the bombardier beetle!
You kill the bombardier beetle!
The liquid fire burns you!
No target in view!
No target in view!
You are on fire!
You are on fire!
The liquid fire burns you! The liquid fire burns you!
The liquid fire burns you! The liquid fire burns you!
The liquid fire burns you! The liquid fire burns you!
The liquid fire burns you!
* * * LOW HITPOINT WARNING * * *
The liquid fire burns you!
* * * LOW HITPOINT WARNING * * *
You turn into a tree.
Your +2 robe of willpower melds into your body.
You feel less strong-willed.
Your roots penetrate the ground.
The liquid fire burns you!
You die...
Your body crumbles into a pile of gold.

#. ###.
...$. .....
####
......#.<#
......#..#
#....#
###♣##
#........#
#.###.#...[#
..#.....#
#.# ....#
### ....#
.... ....


There were no monsters in sight!

Vanquished Creatures
  Grinder (D:3)
  Edmund (D:3)
  A water moccasin (D:3)
  Pargi (D:4)
  An ogre (D:4)
  A phantom (D:4)
  A scorpion (D:4)
  A hound (D:4)
  An orc priest (D:4)
  A bombardier beetle (D:5)
  Natasha (thrice) (D:2)
  An iguana (D:4)
  3 orc wizards (D:4)
  4 gnolls (D:4)
  7 adders
  2 dart slugs
  4 ribbon worms
  10 orcs
  11 ball pythons
  6 endoplasms
  2 giant cockroaches (D:4)
  2 goblins
  5 hobgoblins
  6 kobolds
  6 quokkas
  3 bats
  A frilled lizard (D:4)
  6 rats
92 creatures vanquished.

Notes
Turn   | Place    | Note
-------+----------+-------------------------------------------
     0 | D:1      | ces the Spriggan Hunter began the quest for the Orb.
     0 | D:1      | Reached XP level 1. HP: 10/10 MP: 2/2
   147 | D:1      | Reached XP level 2. HP: 14/14 MP: 3/3
   150 | D:1      | Found Vimao's Book Shoppe.
   585 | D:2      | Reached skill level 5 in Ranged Weapons
   585 | D:2      | Reached XP level 3. HP: 18/18 MP: 4/4
   637 | D:2      | Noticed Natasha
   641 | D:2      | Killed Natasha
   645 | D:2      | Noticed Natasha
   648 | D:2      | Killed Natasha
   649 | D:2      | Reached XP level 4. HP: 22/22 MP: 5/5
   662 | D:2      | Found a faded altar of an unknown god.
   781 | D:2      | Noticed Natasha
   790 | D:2      | Killed Natasha
   791 | D:2      | Reached skill level 6 in Ranged Weapons
  1083 | D:3      | Found a glowing golden altar of the Shining One.
  1083 | D:3      | Found a stormy altar of Qazlal.
  1084 | D:3      | Noticed a water moccasin
  1108 | D:3      | Found an iron altar of Okawaru.
  1200 | D:3      | Killed a water moccasin
  1201 | D:3      | Reached skill level 7 in Ranged Weapons
  1201 | D:3      | Reached XP level 5. HP: 25/25 MP: 6/6
  1476 | D:3      | Noticed Grinder
  1499 | D:3      | Killed Grinder
  1500 | D:3      | Reached skill level 8 in Ranged Weapons
  1500 | D:3      | Reached XP level 6. HP: 30/30 MP: 7/7
  1528 | D:3      | Found an opulent altar of Gozag.
  1575 | D:3      | Became a worshipper of Gozag Ym Sagoz the Greedy
  1969 | D:3      | Learned a level 2 spell: Ensorcelled Hibernation
  1996 | D:4      | Found a sacrificial altar of Ru.
  2217 | D:4      | Found a shimmering altar of Xom.
  2270 | D:4      | Reached XP level 7. HP: 33/33 MP: 8/8
  2370 | D:4      | Noticed Edmund
  2470 | D:4      | Noticed Pargi
  3184 | D:4      | Reached skill level 9 in Ranged Weapons
  3329 | D:4      | Killed Pargi
  3441 | D:4      | Reached skill level 10 in Ranged Weapons
  3539 | D:4      | Noticed Dowan
  3541 | D:4      | Noticed Duvessa
  3985 | D:3      | Killed Edmund
  3986 | D:3      | Reached skill level 1 in Hexes
  3986 | D:3      | Reached XP level 8. HP: 35/37 MP: 9/9
  4242 | D:5      | Entered Level 5 of the Dungeon
  4259 | D:5      | Incinerated by a bombardier beetle

Illustrated notes

Levels and vault maps discovered:
D:1:      dpeg_arrival_erosion, layout_rooms, serial_shops, shop,
          serial_corexii_hall, corexii_hall_statues_deadend,
          corexii_hall_statues_l, serial_park_tiny_2
D:2:      layout_basic, shapermc_ecumenical_altar_acropolis, uniq_natasha
D:3:      layout_loops_corners, mainiacjoe_overflow_catwalk,
          mainiacjoe_overflow_cross_hatched, jmf_multi_god_temple, uniq_grinder
D:4:      layout_gridville, mainiacjoe_overflow_large_starburst,
          mainiacjoe_sewer_entry_somewhere_in_here_1, nicolae_letterblocks
          [nicolae_letter_subblock, nicolae_letter_subblock,
          nicolae_letter_subblock, nicolae_letter_subblock,
          nicolae_letter_subblock, nicolae_letter_subblock,
          nicolae_letter_subblock, nicolae_letter_subblock,
          nicolae_letter_subblock, nicolae_letter_subblock,
          nicolae_letter_subblock, nicolae_letter_subblock,
          nicolae_letter_subblock, nicolae_letter_subblock,
          nicolae_letter_subblock, nicolae_letter_subblock,
          nicolae_letter_subblock, nicolae_letter_subblock,
          nicolae_letter_subblock, nicolae_letter_subblock,
          nicolae_letter_subblock, nicolae_letter_subblock,
          nicolae_letter_subblock, nicolae_letter_subblock,
          nicolae_letter_subblock], uniq_duvessa, uniq_pargi, uniq_edmund
D:5:      layout_basic, nicolae_elemental_shop

Skill      XL: |  1  2  3  4  5  6  7  8 |
---------------+-------------------------+-----
Ranged Weapons | 5 7 8 10 | 10.2
Stealth        | 2 3 |  3.2
Hexes          | 1 |  1.3
Fighting       | |  1.5
Dodging        | |  2.6
Ice Magic      | |  0.9

Action                     |  1- 3 |  4- 6 |  7- 9 || total
---------------------------+-------+-------+-------++-------
   Fire: Shortbow          |    50 |   135 |   239 ||   424
  Evoke: Wand              |       |     3 |     7 ||    10
    Use: Scroll            |       |     2 |       ||     2
         Potion            |       |       |     2 ||     2
 Armour: Robe              |     2 |     9 |    28 ||    39
         Skin              |       |       |    51 ||    51
  Dodge: Dodged            |     8 |    28 |    74 ||   110
